AoeStats
← nhuksemaj70

Arabia

505807950Analyzed
1v1 RM · 19d ago on Sep 11, 2026· 69m 13s· 2 players
Game mode
Random Map
Map size
Tiny (2 player)
Population
200
Speed
Normal
Resources
Standard
Victory
Conquest
Starting age
Dark Age
Ending age
Imperial Age
RankedLock teamsTeams togetherTeam positionsShared explorationLock speedFull tech treeHidden civsTurbo modeCheats
Victory
Defeat
🇺🇸 Bulgarians · United States
484
+16
🇺🇸 Magyars · United States
480
-16
TimeBot
5:27 Loom
11:18 Feudal Age
13:16 Double-Bit Axe
15:34 Wheelbarrow
16:55 Bloodlines
18:52 Horse Collar
22:20 Bloodlines
30:15 Castle Age
28:30 Scale Barding Armor
28:20 Fletching
30:11 Padded Archer Armor
30:29 Light Cavalry
32:23 Bow Saw
33:14 Bodkin Arrow
37:52 Thumb Ring
39:11 Leather Archer Armor
42:40 Chain Barding Armor
42:34 Corvinian Army
51:16 Imperial Age
54:33 Bracer
54:06 Heavy Cavalry Archer
61:51 Elite Magyar Huszar
63:45 Chemistry
69:01 Recurve Bow
nhuksemaj70
6:22 Loom
10:30 Feudal Age
11:46 Wheelbarrow
14:40 Double-Bit Axe
24:20 Castle Age
23:10 Scale Mail Armor
23:20 Forging
23:17 Scale Barding Armor
28:22 Squires
27:43 Pikeman
28:12 Horse Collar
28:34 Gold Mining
30:20 Stone Mining
36:36 Hand Cart
36:07 Town Watch
39:14 Imperial Age
39:03 Heavy Plow
39:20 Fervor
39:49 Gold Shaft Mining
39:50 Ballistics
39:26 Murder Holes
39:42 Masonry
44:06 Crop Rotation
45:55 Halberdier
48:46 Bagains
49:08 Conscription
49:32 Stone Shaft Mining
50:48 Stirrups
53:29 Chain Mail Armor
53:50 Iron Casting
53:37 Chain Barding Armor
54:07 Arson
55:03 Plate Mail Armor
55:35 Blast Furnace
Connection lost

Rejoining the realm…

Still unreachable

The connection could not be restored.

Session expired

The server has moved on; the page needs a fresh start.